 Dungeon Crawl Stone Soup version 0.29-a0-275-g389c0b56f3 (webtiles) character file.

Game seed: 9864491797512297741

4 cheechan the Bolt Thrower (level 1, -1/14 HPs)
             Began as an Octopode Hunter on Mar 11, 2022.
             Frozen to death by an endoplasm (4 damage)
             ... on level 1 of the Dungeon.
             The game lasted 00:00:36 (38 turns).

cheechan the Bolt Thrower (Octopode Hunter)           Turns: 38, Time: 00:00:37

Health: -1/14      AC:  1    Str: 11    XL:     1   Next: 60%
Magic:  1/1        EV: 13    Int: 13    God:
Gold:   0          SH:  0    Dex: 12    Spells: 0/0 levels left

rFire   . . .      SeeInvis .   a - +1 hand crossbow
rCold   . . .      Faith    .   (no shield)
rNeg    . . .      Spirit   .   (helmet restricted)
rPois   .          Reflect  .   (no amulet)
rElec   .          Harm     .   (no ring)
rCorr   .          Rampage  .   (no ring)
Will    .....                   (no ring)
Stlth   +++.......              (no ring)
HPRegen 0.04/turn               (no ring)
MPRegen 0.07/turn               (no ring)
                                (no ring)
                                (no ring)

@: no status effects
A: almost no armour, amphibious, 8 rings, camouflage 1, gelatinous body 1,
(nimble swimmer 1), tentacles
a: no special abilities


You were on level 1 of the Dungeon.
You visited 1 branch of the dungeon, and saw 1 of its levels.

Inventory:

Hand Weapons
 a - a +1 hand crossbow (weapon)
Scrolls
 b - a scroll of immolation
Potions
 c - a potion of curing {unknown}


   Skills:
 + Level 2.1 Fighting
 + Level 4.1 Crossbows
 + Level 2.0 Dodging
 + Level 1.3 Stealth


You couldn't memorise any spells.
You didn't know any spells.
Your spell library was empty.

Dungeon Overview and Level Annotations

Branches:
Dungeon (1/15)

Altars:


Innate Abilities, Weirdness & Mutations

You cannot wear most types of armour.
You are amphibious.
You can wear up to eight rings at the same time.
Your skin changes colour to match your surroundings (Stealth+).
Your rubbery body absorbs attacks. (AC +1, EV +1)
((You are camouflaged when in or above water. (Stealth+)))
You have tentacles for arms and can constrict up to eight enemies at once.


Message History

A kobold comes into view. It is wielding a +0 short sword.
Shoot: a) +1 hand crossbow
Press: ? - help, Q - select action Shift-Dir - straight line, f/p - jackal
Aim: a jackal (56% to hit)
You shoot a bolt. The bolt barely misses the jackal.
The bolt closely misses the jackal.
The jackal barely misses you. x2
Shoot: a) +1 hand crossbow
Press: ? - help, Q - select action Shift-Dir - straight line, f/p - jackal
Aim: a jackal (56% to hit)
You shoot a bolt. The bolt hits the jackal.
The jackal is moderately wounded.
The jackal closely misses you. The jackal misses you.
The jackal attacks as you move away! The jackal bites you.
The jackal misses you. The jackal attacks as you move away!
The jackal barely misses you. The jackal attacks as you move away!
The jackal barely misses you. The jackal closely misses you.
Shoot: a) +1 hand crossbow
Press: ? - help, Q - select action Shift-Dir - straight line, f/p - jackal
Aim: a jackal (moderately wounded, 56% to hit)
You shoot a bolt. The bolt hits the jackal!
You kill the jackal!
The jackal barely misses you.
Shoot: a) +1 hand crossbow
Press: ? - help, Q - select action Shift-Dir - straight line, f - jackal
Aim: a jackal (moderately wounded, 56% to hit)
You shoot a bolt. The bolt hits the jackal!
You kill the jackal!
Unknown command.
Shoot: a) +1 hand crossbow
Press: ? - help, Q - select action Shift-Dir - straight line, f - endoplasm
Aim: an endoplasm (87% to hit)
You shoot a bolt. The bolt hits the endoplasm.
The endoplasm is lightly wounded.
The endoplasm hits you.
* * * LOW HITPOINT WARNING * * *
The endoplasm freezes you.
You are frozen.
You die...

#..♣♣......♣♣ #
#..♣♣∩.♣.♣.∩♣♣.#
#..♣♣∩.♣<♣.....
####>.♣♣∩.♣.♣.∩♣♣..
#.....♣♣♣.....♣ #
#.....∩...∩♣
###.##....♣♣∩∩∩♣♣
........#.♣♣♣♣♣♣
###.###@##..
###.###J# ⌠...
.......K# ##...#
###.###.# ..##
#........##
#.....####
.K.......
#.#........
.......#####.#


You could see an endoplasm and a kobold.

Vanquished Creatures
  3 jackals (D:1)
3 creatures vanquished.

Notes
Turn   | Place    | Note
-------+----------+-------------------------------------------
     0 | D:1      | cheechan the Octopode Hunter began the quest for the Orb.
     0 | D:1      | Reached XP level 1. HP: 14/14 MP: 1/1
    38 | D:1      | Frozen to death by an endoplasm

Illustrated notes

Levels and vault maps discovered:
D:1:      heliophobic_arrival_henge, layout_loops_ring

Action                   || total
-------------------------++-------
 Fire: Hand crossbow     ||    10
Armor: Skin              ||     1
Dodge: Dodged            ||    15

Table legend: (Time is in decaauts)
 A = Elapsed time spent in this place.
 B = Non-inter-level travel time spent in this place.
 C = Inter-level travel time spent in this place.
 D = Time resting spent in this place.
 E = Time spent auto-exploring this place.
 F = Levels seen in this place.
 G = Mean time per level.
                   A        B        C        D        E       F      G
               +--------+--------+--------+--------+--------+-----+--------+
         Total |     40 |     40 |      0 |      0 |      0 |   1 |   40.0 |
       Dungeon |     40 |     40 |      0 |      0 |      0 |   1 |   40.0 |
               +--------+--------+--------+--------+--------+-----+--------+

Top non-repeatable levels by time:
     D:1: 40 daAuts
